 Dungeon Crawl Stone Soup version 0.30.1-4-g462c640d31 (webtiles) character file.

Game seed: 6908843548053311565

21 Arunde the Trooper (level 2, -4/27 HPs)
             Began as a Draconian Fighter on Aug 25, 2023.
             Slain by Crazy Yiuf
             ... wielding a +2 quarterstaff of chaos
              (13 damage)
             ... on level 2 of the Dungeon.
             The game lasted 00:10:57 (903 turns).

Arunde the Trooper (Draconian Fighter)               Turns: 903, Time: 00:10:57

Health: -4/27      AC:  4    Str: 18    XL:     2   Next: 65%
Magic:  2/2        EV: 12    Int:  8    God:
Gold:   50         SH:  4    Dex: 10    Spells: 1/1 levels left

rFire   . . .        h - staff of poison
rCold   . . .        b - +0 buckler
rNeg    . . .        (body armour unavailable)
rPois   +            (helmet restricted)
rElec   .            (no cloak)
rCorr   .            (no gloves)
SInv    .            (no boots)
Will    .....        (no amulet)
Stlth   +            (no ring)
HPRegen 0.24/turn    (no ring)
MPRegen 0.08/turn

%: no passive effects
@: no status effects
A: AC +4, unfitting armour, cold-blooded
a: no special abilities


You were on level 2 of the Dungeon.
You visited 1 branch of the dungeon, and saw 2 of its levels.

You collected 50 gold pieces.

Inventory:

Hand Weapons
 a - a +0 long sword
 f - a +0 dagger
 l - a +0 rapier
 m - a +0 mace
 n - a +0 dagger
 r - a +0 hammer
 s - a +0 dagger
 u - the +2 sling of Success {elec, rElec Int-4 Dex+2}
   (You found it on level 2 of the Dungeon)

   Int:       It affects your intelligence (-4).
   Dex:       It affects your dexterity (+2).
   rElec:     It insulates you from electricity.
 v - a +0 hammer
 w - a +0 club
 x - a +0 hammer
 y - a +0 hammer
Missiles
 p - 10 stones (quivered)
Armour
 b - a +0 buckler (worn)
 j - a +0 robe
Magical Staves
 h - a staff of poison (weapon)
Wands
 o - a wand of roots (11)
Scrolls
 d - a scroll of identify {unknown}
 e - a scroll of brand weapon {unknown}
 g - a scroll of amnesia {unknown}
 t - 2 scrolls of teleportation {unknown}
Potions
 c - a potion of might
 i - a potion of attraction {unknown}
 k - a potion of resistance
 q - a potion of mutation {unknown}


   Skills:
 + Level 3.7 Fighting
 + Level 2.2 Long Blades
 + Level 2.9 Dodging
 + Level 3.2 Shields


You had one spell level left.
You didn't know any spells.
Your spell library contained the following spells:

 Spells                   Type           Power      Damage    Failure   Level
 Ensorcelled Hibernation  Hex/Ice        0%         N/A       63%         2
 Passwall                 Tmut/Erth      0%         N/A       63%         2
 Swiftness                Air            0%         N/A       86%         3


Dungeon Overview and Level Annotations

Branches:
Dungeon (2/15)

Altars:

Shops:
D:2 !

Annotations:
D:2 Crazy Yiuf


Innate Abilities, Weirdness & Mutations

Your plain brown scales are hard. (AC +4)
You cannot fit into any form of body armour.
You are cold-blooded and may be slowed by cold attacks.


Message History

The sling bullet hits Crazy Yiuf but does no damage.
Crazy Yiuf hits you with a +2 quarterstaff of chaos.
Crazy Yiuf closely misses you.
You shoot a sling bullet.
The sling bullet closely misses Crazy Yiuf.
You block Crazy Yiuf's attack.
You shoot a sling bullet.
The sling bullet hits Crazy Yiuf but does no damage.
Crazy Yiuf grits, "Cake Xom senile!"
You block Crazy Yiuf's attack.
Crazy Yiuf drinks a potion.
Crazy Yiuf suddenly seems more resistant.
The +2 sling of Success {elec, rElec Int-4 Dex+2} stops crackling.
h - a staff of poison (weapon)
You completely miss Crazy Yiuf.
You tail-slap Crazy Yiuf, but do no damage.
Crazy Yiuf closely misses you. Crazy Yiuf misses you.
You hit Crazy Yiuf but do no damage.
Crazy Yiuf hits you with a +2 quarterstaff of chaos!
You resist with significant effort.
You hit Crazy Yiuf but do no damage.
You tail-slap Crazy Yiuf, but do no damage.
Crazy Yiuf barely misses you.
You hit Crazy Yiuf.
Crazy Yiuf is moderately wounded.
Crazy Yiuf misses you. You block Crazy Yiuf's attack.
You closely miss Crazy Yiuf. You tail-slap Crazy Yiuf.
Crazy Yiuf is moderately wounded.
Crazy Yiuf hits you with a +2 quarterstaff of chaos!
* * * LOW HITPOINT WARNING * * *
Crazy Yiuf draws strength from your wounds!
Crazy Yiuf grits, "Nubble foot song!"
You hit Crazy Yiuf.
Crazy Yiuf is moderately wounded.
Crazy Yiuf closely misses you. Crazy Yiuf attacks as you move away!
You block Crazy Yiuf's attack.
Crazy Yiuf glowers.
Crazy Yiuf barely misses you.
Crazy Yiuf laughs, "Island!"
Crazy Yiuf hits you with a +2 quarterstaff of chaos!
You die...

##...##..............#
##<.###..###....###.# #..#
#.# #.#.## ### #..# .# #.#.#
#..####.###.#.##♣♣♣♣♣
#.............#...♣.♣♣♣ ###
#.#####.###.#......♣..♣#...#
#............g....♣♣♣♣.'...#
#.#.#######.@.#..♣♣ ♣♣#..)#
#.#.#######...##♣♣ ###
#.............#
###.#######...# #.#
#...##### #.# #.... ..# #.#
#######.# #.# #.###########
#.# #............


You could see Crazy Yiuf (resistant).

Vanquished Creatures
  2 dart slugs (D:2)
  An endoplasm (D:2)
  3 goblins
  3 hobgoblins
  4 kobolds (D:2)
  A frilled lizard (D:2)
  A rat (D:2)
15 creatures vanquished.

Notes
Turn   | Place    | Note
-------+----------+-------------------------------------------
     0 | D:1      | Arunde the Draconian Fighter began the quest for the Orb.
     0 | D:1      | Reached XP level 1. HP: 19/19 MP: 1/1
   187 | D:1      | You fall into a shaft and drop 1 floor!
   269 | D:2      | Reached XP level 2. HP: 26/26 MP: 2/2
   660 | D:2      | Found Ziz Nuy's Distillery.
   787 | D:2      | Identified the +2 sling of Success {elec, rElec Int-4
                  | Dex+2}
   861 | D:2      | Found a runed translucent door.
   862 | D:2      | Noticed Crazy Yiuf
   903 | D:2      | Slain by Crazy Yiuf

Illustrated notes

Levels and vault maps discovered:
D:1:      giann_wishing_wells, layout_loops_cross, reono_crystal_passage,
          dk_noncrumbling_3, minivault_27
D:2:      layout_loops_ring, serial_shops, shop, uniq_crazy_yiuf_cottage

Action                     || total
---------------------------++-------
  Melee: Long sword        ||    13
         Staff             ||    28
         Tailslap          ||     8
   Fire: Sling             ||    13
 Armour: Skin              ||     9
  Dodge: Dodged            ||    41
  Block: Buckler           ||    14
